Map: Dusk Towers

Players

PinkWarPony - Winner!

  • Race: Protoss Protoss
  • League: Diamond

blackxored

  • Race: Zerg Zerg
  • League: Platinum

VOD

Have the link to the VOD?

Description

Time

  • Played on: June 30, 2016, 7:09 a.m.
  • Length: 11:01
Show
View Real Time Build Order
Export as new Build Order

PinkWarPony Protoss - Winner!

Build Orders: 1 Gate Expand 

Get SALT Encoding   

  12  0:01  Probe (Chrono Boost)  
  13  0:11  Probe (Chrono Boost)  
  14  0:22  Pylon  
  14  0:23  Probe (Chrono Boost)  
  15  0:40  Gateway, Probe (Chrono Boost)  
  16  0:48  Assimilator  
  16  0:50  Probe (Chrono Boost)  
  17  1:01  Probe (Chrono Boost)  
  18  1:12  Probe (Chrono Boost)  
  19  1:23  Probe (Chrono Boost)  
  20  1:30  Nexus  
  20  1:34  Probe (Chrono Boost)  
  21  1:45  Cybernetics Core  
  21  1:49  Probe (Chrono Boost)  
  22  1:59  Pylon  
  22  2:00  Probe  
  23  2:17  Probe  
  23  2:18  Zealot (Chrono Boost)  
  23  2:22  Gateway  
  26  2:24  Warp Gate  
  28  2:30  Mothership Core  
  28  2:42  Probe  
  28  2:43  Assimilator  
  29  2:50  Adept (Chrono Boost)  
  31  2:52  Probe x2  
  33  2:58  Pylon  
  33  3:07  Twilight Council  
  33  3:08  Probe x2  
  35  3:17  Adept (Chrono Boost)  
  37  3:20  Probe  
  37  3:26  Probe  
  38  3:32  Probe  
  38  3:33  Gateway  
  42  3:34  Adept (Chrono Boost)  
  42  3:37  Probe  
  43  3:43  Resonating Glaives (Chrono Boost)  
  43  3:45  Adept  
  45  3:54  Probe x2  
  47  4:06  Probe  
  48  4:15  Probe  
  49  4:26  Pylon  
  49  4:29  Gateway  
  49  4:31  Gateway x2  
  49  4:32  Pylon, Probe  
  49  4:34  Probe  
  49  4:36  Pylon  
  49  4:43  Probe  
  49  4:44  Gateway  
  50  4:46  Adept x2  
  50  4:48  Adept  
  56  5:07  Adept  
  56  5:08  Adept x2  
  62  5:22  Pylon  
  62  5:24  Pylon  
  62  5:26  Adept, Pylon  
  62  5:27  Adept x2  
  62  5:28  Adept x2  
  70  5:29  Adept  
  58  6:18  Adept  
  58  6:19  Adept x6  
  70  6:28  Probe  
  70  6:29  Probe  
  55  6:41  Probe  
  50  6:47  Adept  
  50  6:48  Adept x5  
  56  6:57  Gateway  
  56  6:59  Gateway  
  56  7:00  Gateway  
  56  7:01  Pylon  
  56  7:09  Adept x3  
  56  7:10  Adept x3  
  68  7:24  Robotics Facility  
  68  7:27  Robotics Facility  
  68  7:29  Adept x3  
  74  7:31  Adept x3  
  80  7:54  Stalker x3  
  80  7:55  Stalker x2  
  80  7:57  Stalker  
  92  7:59  Zealot  
  92  8:00  Zealot  
  96  8:24  Immortal  
  99  8:28  Pylon  
  99  8:30  Pylon  
  99  8:37  Probe x2  
  101  8:41  Pylon  
  101  8:42  Nexus  
  101  8:46  Assimilator  
  101  8:50  Assimilator  
  101  9:02  Stalker x4  
  109  9:15  Immortal  
  105  9:33  Stalker x2  
  105  9:34  Zealot x4  
  95  9:56  Stalker x3  
  91  10:12  Stalker  
  93  10:28  Stalker x2  
  95  10:29  Zealot x6  
Show
View Real Time Build Order
Export as new Build Order

blackxored Zerg 

Build Orders: Hatch First 

Get SALT Encoding   

  12  0:01  Drone  
  13  0:08  Drone  
  14  0:18  Overlord  
  14  0:23  Extractor, Drone  
  15  0:37  Drone x2  
  17  0:53  Hatchery  
  17  0:56  Drone  
  17  0:58  Drone  
  18  1:10  Extractor  
  17  1:13  Spawning Pool  
  17  1:15  Drone  
  17  1:20  Drone  
  18  1:27  Drone  
  19  1:41  Drone  
  20  1:52  Overlord  
  20  2:05  Hatchery  
  19  2:11  Queen  
  19  2:12  Queen  
  19  2:15  Zergling x2  
  24  2:19  Zergling x2  
  25  2:27  Overlord  
  25  2:37  Metabolic Boost  
  25  2:40  Drone x2  
  27  2:47  Drone x3  
  30  2:53  Pneumatized Carapace  
  30  3:01  Drone x2  
  30  3:03  Drone  
  33  3:07  Drone  
  33  3:09  Drone  
  35  3:14  Overlord  
  35  3:18  Drone  
  35  3:29  Drone x5  
  40  3:39  Drone  
  40  3:40  Drone x4  
  45  3:44  Queen  
  45  3:48  Overlord  
  47  4:06  Roach Warren, Drone x2  
  47  4:07  Extractor  
  47  4:08  Drone x3  
  47  4:09  Lair  
  50  4:14  Extractor, Drone x3  
  50  4:15  Extractor  
  50  4:22  Overlord x2  
  50  4:28  Zergling x4  
  50  4:29  Zergling x4  
  52  4:34  Drone  
  52  4:35  Drone x2  
  55  4:58  Drone  
  56  5:04  Roach x7  
  56  5:05  Roach  
  72  5:09  Glial Reconstitution  
  72  5:10  Roach x2  
  76  5:16  Hydralisk Den, Drone  
  76  5:24  Overlord x2  
  76  5:31  Roach x3  
  78  5:45  Roach  
  78  5:46  Roach x5  
  87  5:53  Roach x2  
  87  5:54  Roach  
  85  6:09  Roach x2  
  85  6:10  Roach  
  77  6:22  Roach x3  
  83  6:28  Roach x2  
  79  6:34  Roach x2  
  81  6:43  Roach  
  81  6:44  Roach x2  
  85  6:50  Drone x4  
  89  6:59  Drone x4  
  89  7:00  Drone  
  93  7:04  Roach  
  95  7:11  Drone x3  
  98  7:16  Overlord  
  98  7:28  Overlord  
  98  7:34  Queen x2, Drone  
  98  7:35  Drone, Evolution Chamber x2  
  102  7:39  Drone x3  
  105  7:59  Drone x3  
  105  8:00  Spire  
  105  8:01  Drone x2  
  105  8:02  Drone  
  105  8:04  Drone x3  
  105  8:05  Drone  
  114  8:09  Overlord  
  114  8:13  Extractor  
  114  8:15  Extractor  
  112  8:29  Drone x2  
  114  8:39  Overlord  
  114  8:47  Overlord x4  
  114  8:57  Drone  
  114  8:58  Drone  
  116  9:04  Drone x6  
  116  9:05  Drone x6  
  128  9:10  Overlord  
  128  9:18  Mutalisk x3  
  128  9:19  Mutalisk x2  
  137  9:30  Roach  
  137  9:31  Roach x7  
  149  9:36  Mutalisk  
  126  9:41  Roach x4  
  118  9:46  Mutalisk  
  108  9:55  Roach x3  
  103  10:03  Roach x2  
  103  10:04  Roach x2  
  96  10:08  Roach x2  
  96  10:09  Roach x3  
  96  10:12  Mutalisk  
  91  10:18  Roach  
  80  10:23  Roach x2  
  72  10:32  Roach x3  
  72  10:34  Ravager  
  75  10:35  Hydralisk  
  75  10:37  Zergling x2  
  75  10:38  Zergling x2  
  75  10:42  Zergling x4  
Tags
 
Add a new tag
Caveats
  • Supply blocks, unpowered buildings, or Contaminate may cause inaccurate times.
  • Supply counts are checked every 10 seconds.